[Event "Thursday 18 January Rapid Engine Tour 12+1 Rounds 9 Starts 1600 ST"]
[Site "Infinity Chess"]
[Date "2018.1.18"]
[Round "9"]
[White "Katzenmaier"]
[Black "Marsell"]
[Result "1/2-1/2"]
[ECO "D35"]
[WhiteElo "2486"]
[BlackElo "2497"]
[WhiteEngine "S_XPrO.251117.x64.POPCNT_CTG"]
[BlackEngine "asmFishW_2018-01-11_popcnt"]
[EventType "Swiss"]
[WhiteTeam ""]
[BlackTeam ""]
[PlyCount "117"]
[TimeControl "720+1"]

1. d4 d5 2. c4 e6 3. Nc3 Nf6 4. cxd5 exd5 5. Bg5 c6 6. e3 Be7 7. Bd3 O-O 
8. Nge2 h6 9. Bh4 Ne4 10. Bxe7 Qxe7 11. Bxe4 dxe4 12. Qc2 Bf5 13. O-O Nd7 
14. Rad1 Rad8 15. d5 cxd5 16. Nxd5 Qe5 17. h3 Nf6 18. Nxf6+ Qxf6 19. Nd4 Rd5 
20. Qc7 Rfd8 21. Qf4 a6 22. Rc1 Qg6 23. Qg3 Kh7 24. Qxg6+ Kxg6 25. a3 Be6 
26. Rc4 Kf6 27. Rfc1 R5d6 28. Rc7 R8d7 29. R7c5 Rd5 30. R5c4 R5d6 31. Rc5 Rd5 
32. Rc8 Rg5 33. h4 Rh5 34. Nxe6 fxe6 35. g3 Rb5 36. R1c2 g5 37. h5 g4 
38. R2c4 Rxb2 39. Rxe4 Rd5 40. Rf4+ Ke7 41. Rxg4 Rxh5 42. Rg7+ Kd6 43. Rcc7 b6 
44. Rgd7+ Ke5 45. Rc4 Ra2 46. e4 Ra1+ 47. Kg2 Rhh1 48. Rc6 h5 49. f3 Rhg1+ 
50. Kf2 Raf1+ 51. Ke2 Re1+ 52. Kf2 Ref1+ 53. Ke2 Re1+ 54. Kf2 Kf6 55. a4 Ref1+ 
56. Ke2 Re1+ 57. Kf2 Ref1+ 58. Ke2 Re1+ 59. Kf2 1/2-1/2

[Event "Thursday 18 January Rapid Engine Tour 12+1 Rounds 9 Starts 1600 ST"]
[Site "Infinity Chess"]
[Date "2018.1.18"]
[Round "9"]
[White "Eman"]
[Black "Vimtiroba"]
[Result "1/2-1/2"]
[ECO "D30"]
[WhiteElo "2467"]
[BlackElo "2507"]
[WhiteEngine "Eman SL 1.63 64-bit POPCNT"]
[BlackEngine "SF@Infinity_CTG"]
[EventType "Swiss"]
[WhiteTeam ""]
[BlackTeam ""]
[PlyCount "123"]
[TimeControl "720+1"]

1. d4 d5 2. c4 e6 3. Nf3 Nf6 4. Nc3 c6 5. e3 Nbd7 6. Qc2 Bd6 7. Bd3 dxc4 
8. Bxc4 O-O 9. O-O a6 10. Rd1 b5 11. Bd3 Qc7 12. Bd2 c5 13. Ne4 c4 14. Nxd6 Qxd6 
15. Be2 Bb7 16. b3 Bd5 17. Ba5 Rfc8 18. Qb2 Ne4 19. Rdc1 f5 20. Rc2 Rc6 
21. bxc4 Bxc4 22. Bb4 Qd5 23. Rac1 Rac8 24. Bd1 g5 25. Qa3 g4 26. Nh4 Kh8 
27. f3 gxf3 28. Bxf3 Nb6 29. Qb2 Na4 30. Qa3 Nb6 31. Bc5 Qd8 32. Bxe4 fxe4 
33. g3 Nd5 34. Rf2 Qd7 35. Re1 Kg8 36. Ng2 h6 37. Nf4 e5 38. Nxd5 Qxd5 
39. Qc1 R8c7 40. Qd1 Qe6 41. Rf8+ Kg7 42. Ba3 Rd7 43. Qh5 exd4 44. Rb8 Qf7 
45. Qg4+ Rg6 46. Qxe4 Qe6 47. exd4 Qxe4 48. Rxe4 Bxa2 49. Bc1 Bd5 50. Ree8 Rf6 
51. Bf4 Kg6 52. Re5 Bc4 53. h4 a5 54. h5+ Kf7 55. Ra8 a4 56. Ree8 Rxd4 
57. Rf8+ Ke7 58. Rae8+ Kd7 59. Rd8+ Ke7 60. Rde8+ Kd7 61. Rd8+ Ke7 62. Rde8+ 
1/2-1/2

[Event "Thursday 18 January Rapid Engine Tour 12+1 Rounds 9 Starts 1600 ST"]
[Site "Infinity Chess"]
[Date "2018.1.18"]
[Round "8"]
[White "KULLANI"]
[Black "ivrdurant"]
[Result "1-0"]
[ECO "A46"]
[WhiteElo "2431"]
[BlackElo "2399"]
[WhiteEngine "BrainFish_180113_x64_CTG"]
[BlackEngine "Raubfisch X37b3._CTG"]
[EventType "Swiss"]
[WhiteTeam ""]
[BlackTeam ""]
[PlyCount "175"]
[TimeControl "720+1"]

1. d4 Nf6 2. Nf3 e6 3. c4 d5 4. Nc3 c6 5. Bg5 dxc4 6. e4 b5 7. e5 h6 8. Bh4 g5 
9. Nxg5 hxg5 10. Bxg5 Be7 11. exf6 Bxf6 12. Be3 Na6 13. a4 Nc7 14. Be2 Nd5 
15. O-O a5 16. axb5 Nxc3 17. bxc3 cxb5 18. Rb1 Bd7 19. Re1 Ra6 20. Bf3 a4 
21. Bb7 Rb6 22. Be4 Bg5 23. f4 Bf6 24. Qf3 Qc7 25. h3 Bh4 26. Red1 f5 
27. Bc2 Rd6 28. d5 exd5 29. Bd4 Rh7 30. Be5 Qa7+ 31. Kf1 Ra6 32. g3 Bf6 
33. Qxd5 Kf8 34. Bd4 Bxd4 35. Rxd4 Rf7 36. Qe5 Raf6 37. g4 Kg8 38. Rbd1 Qb7 
39. Kf2 Qb6 40. gxf5 Rg7 41. Be4 Kf8 42. Rg1 Rxg1 43. Kxg1 a3 44. Kg2 Be8 
45. Rd2 Rh6 46. Ra2 Qd6 47. Qxd6+ Rxd6 48. Rxa3 Bc6 49. Bxc6 Rxc6 50. Kf3 b4 
51. cxb4 c3 52. Ra1 Ke7 53. h4 Kf6 54. Kg4 Rc7 55. h5 Rg7+ 56. Kf3 Rb7 
57. Rc1 Rxb4 58. Rxc3 Kxf5 59. Rc5+ Kf6 60. Kg4 Rb1 61. Rc6+ Kg7 62. h6+ Kg8 
63. Rc5 Rg1+ 64. Kh5 Rh1+ 65. Kg6 Rg1+ 66. Rg5 Rh1 67. f5 Kh8 68. f6 Rxh6+ 
69. Kf7 Rh1 70. Rg3 Kh7 71. Rf3 Kh8 72. Kf8 Kh7 73. f7 Ra1 74. Ke7 Ra7+ 
75. Kf6 Ra6+ 76. Kg5 Rg6+ 77. Kf5 Kg7 78. f8=Q+ Kxf8 79. Kxg6+ Ke7 80. Rf6 Ke8 
81. Rf7 Kd8 82. Kf6 Ke8 83. Ke6 Kd8 84. Kd6 Kc8 85. Rg7 Kb8 86. Kc6 Ka8 
87. Kb6 Kb8 88. Rg8# 1-0

[Event "Thursday 18 January Rapid Engine Tour 12+1 Rounds 9 Starts 1600 ST"]
[Site "Infinity Chess"]
[Date "2018.1.18"]
[Round "8"]
[White "OlivierEvan"]
[Black "star99"]
[Result "1/2-1/2"]
[ECO "A05"]
[WhiteElo "2381"]
[BlackElo "2399"]
[WhiteEngine "Houdini 6"]
[BlackEngine "Cryptic AIL V1"]
[EventType "Swiss"]
[WhiteTeam ""]
[BlackTeam ""]
[PlyCount "112"]
[TimeControl "720+1"]

1. Nf3 Nf6 2. c4 g6 3. d4 Bg7 4. g3 c6 5. Bg2 d5 6. cxd5 cxd5 7. O-O O-O 
8. Nc3 Ne4 9. Ne5 Bf5 10. Bf4 Nxc3 11. bxc3 Nc6 12. Qa4 Nxe5 13. dxe5 Qc7 
14. Bxd5 Bxe5 15. Bxe5 Qxe5 16. Bxb7 Rab8 17. Bf3 Qc5 18. h4 Rb2 19. h5 e5 
20. h6 Qxc3 21. Qxa7 e4 22. Bg2 Rxe2 23. Rfc1 Rc2 24. Rd1 Qc5 25. Qxc5 Rxc5 
26. a4 Ra5 27. Rd4 Re8 28. Rc1 Kf8 29. Bf1 Ra7 30. Bb5 Re5 31. Re1 Ke7 
32. f3 Re6 33. fxe4 Re5 34. Kf2 Be6 35. Rb4 Rh5 36. Ra1 Ra5 37. Bd3 Rxh6 
38. Rb5 Rxb5 39. axb5 Kd6 40. Kg1 Kc7 41. Be2 g5 42. Ra7+ Kb8 43. Re7 Rh3 
44. Kf2 Rh1 45. b6 Rb1 46. Bh5 Rxb6 47. Bxf7 Rb2+ 48. Ke1 Bxf7 49. Rxf7 h5 
50. e5 Kc8 51. e6 Kd8 52. Rh7 Rg2 53. Rxh5 Rxg3 54. Kf2 Rg4 55. Rh7 Ke8 
56. Ra7 Rf4+ 1/2-1/2

[Event "Thursday 18 January Rapid Engine Tour 12+1 Rounds 9 Starts 1600 ST"]
[Site "Infinity Chess"]
[Date "2018.1.18"]
[Round "8"]
[White "Thinker"]
[Black "Zor"]
[Result "1/2-1/2"]
[ECO "B90"]
[WhiteElo "2447"]
[BlackElo "2431"]
[WhiteEngine "BrainFish_180113_x64_modern_CTG"]
[BlackEngine "Cryptic AIL V1"]
[EventType "Swiss"]
[WhiteTeam ""]
[BlackTeam ""]
[PlyCount "76"]
[TimeControl "720+1"]

1. e4 c5 2. Nf3 d6 3. d4 cxd4 4. Nxd4 Nf6 5. Nc3 a6 6. Be3 e5 7. Nb3 Be7 
8. Be2 Be6 9. Qd3 Nc6 10. a3 Rc8 11. Nd5 O-O 12. Nb6 Rb8 13. Rd1 Nd7 
14. Nxd7 Bxd7 15. O-O Be6 16. f4 b5 17. f5 Bc4 18. Qd2 Qc7 19. Nc1 Rfd8 
20. b3 Bxe2 21. Nxe2 Rbc8 22. Ng3 d5 23. exd5 Nd4 24. f6 Bxf6 25. Ne4 Qxc2 
26. Nxf6+ gxf6 27. Bxd4 Qxd2 28. Rxd2 exd4 29. Rxd4 Rd6 30. Rd3 a5 31. h3 Kg7 
32. Rf4 Rc5 33. Rg4+ Kf8 34. Rgd4 f5 35. b4 axb4 36. axb4 Rc1+ 37. Kf2 Kg7 
38. g4 fxg4 1/2-1/2

[Event "Thursday 18 January Rapid Engine Tour 12+1 Rounds 9 Starts 1600 ST"]
[Site "Infinity Chess"]
[Date "2018.1.18"]
[Round "8"]
[White "angriff"]
[Black "BraveDevil"]
[Result "1/2-1/2"]
[ECO "B90"]
[WhiteElo "2453"]
[BlackElo "2372"]
[WhiteEngine "Raubfisch ME262_GTZ16b2_CTG"]
[BlackEngine "Cryptic AIL V1"]
[EventType "Swiss"]
[WhiteTeam ""]
[BlackTeam ""]
[PlyCount "86"]
[TimeControl "720+1"]

1. e4 c5 2. Nf3 d6 3. d4 cxd4 4. Nxd4 Nf6 5. Nc3 a6 6. Be3 e5 7. Nf3 Be7 
8. Bc4 O-O 9. O-O Be6 10. Bb3 Nc6 11. Qd3 Na5 12. Bxe6 fxe6 13. Na4 Ng4 
14. Bb6 Qe8 15. Nc5 Qc6 16. Bxa5 Qxc5 17. Qb3 Nxh2 18. Qxe6+ Rf7 19. Nxh2 Qxa5 
20. Ng4 Raf8 21. c3 Qa4 22. Qd5 Kh8 23. Rad1 b5 24. a3 h6 25. f3 Kh7 26. Rd3 Bg5 
27. Rf2 h5 28. Ne3 Rd7 29. Re2 Bxe3+ 30. Rdxe3 Qc4 31. Rd2 Qc7 32. Rd1 Qd8 
33. Re2 Rf6 34. Qc6 Rdf7 35. Qxa6 Rg6 36. Rf1 Qg5 37. Qxb5 Rf4 38. Qd3 Rh4 
39. Qd2 Qg3 40. Qe1 Qf4 41. Qd2 Qg3 42. Qe1 Qf4 43. Qd2 Qg3 1/2-1/2

[Event "Thursday 18 January Rapid Engine Tour 12+1 Rounds 9 Starts 1600 ST"]
[Site "Infinity Chess"]
[Date "2018.1.18"]
[Round "8"]
[White "Satria_Ungu"]
[Black "MGR"]
[Result "1/2-1/2 "]
[ECO "A46"]
[WhiteElo "2398"]
[BlackElo "2461"]
[WhiteEngine "Houdini 6_CTG"]
[BlackEngine "asmFishW_2017-11-19_bmi2"]
[EventType "Swiss"]
[WhiteTeam ""]
[BlackTeam ""]
[PlyCount "149"]
[TimeControl "720+1"]

1. d4 Nf6 2. Nf3 d5 3. c4 c6 4. e3 Bf5 5. Nc3 e6 6. Bd3 Bxd3 7. Qxd3 Nbd7 
8. O-O Bb4 9. Bd2 a5 10. a3 Bxc3 11. Bxc3 O-O 12. Nd2 a4 13. Rfd1 Re8 
14. Rac1 Qb8 15. Bb4 h6 16. h3 Rc8 17. Re1 Rd8 18. Qe2 Qc7 19. Red1 Rac8 
20. Bc3 b6 21. Rc2 Qb7 22. cxd5 exd5 23. Nf1 Re8 24. Ng3 Ne4 25. Nf5 Ndf6 
26. f3 Nxc3 27. Rxc3 Qd7 28. Qc2 b5 29. Ng3 Qc7 30. Qf2 g6 31. Rf1 Kg7 
32. Re1 h5 33. Ne2 Nd7 34. Nc1 Re6 35. Nd3 Rf6 36. Rc2 Nb6 37. e4 dxe4 
38. Rxe4 Qd6 39. Rc1 Re6 40. Nf4 Re7 41. Qg3 Kf8 42. Qg5 Rxe4 43. fxe4 Qxd4+ 
44. Kh1 Ke8 45. Rf1 Nd7 46. e5 Qxe5 47. Qxe5+ Nxe5 48. Re1 f6 49. Nxg6 h4 
50. Nxe5 fxe5 51. Rxe5+ Kd7 52. Rh5 Re8 53. Rxh4 c5 54. Rf4 Re2 55. h4 Rxb2 
56. h5 Re2 57. Kh2 c4 58. h6 c3 59. h7 Re8 60. Rd4+ Kc6 61. Rd3 c2 62. Rc3+ Kd6 
63. Rxc2 Rh8 64. Rd2+ Kc6 65. g4 Rxh7+ 66. Kg3 b4 67. Rc2+ Kb5 68. axb4 a3 
69. g5 Kxb4 70. Rg2 Ra7 71. g6 a2 72. Rxa2 Rxa2 73. Kg4 Ra1 74. Kf5 Rb1 75. g7 
1/2-1/2

[Event "Thursday 18 January Rapid Engine Tour 12+1 Rounds 9 Starts 1600 ST"]
[Site "Infinity Chess"]
[Date "2018.1.18"]
[Round "8"]
[White "ocirema"]
[Black "Harry_Potter"]
[Result "1/2-1/2"]
[ECO "E10"]
[WhiteElo "2427"]
[BlackElo "2471"]
[WhiteEngine "stockfish_18011309_x64_modern_CTG"]
[BlackEngine "Stockfish_18011309_x64_bmi2_CTG"]
[EventType "Swiss"]
[WhiteTeam ""]
[BlackTeam ""]
[PlyCount "77"]
[TimeControl "720+1"]

1. d4 Nf6 2. c4 e6 3. Nf3 d5 4. Nc3 Be7 5. Bg5 h6 6. Bh4 O-O 7. e3 b6 8. Bd3 Bb7 
9. O-O Nbd7 10. Qe2 c5 11. Rfd1 Ne4 12. Bg3 cxd4 13. exd4 Nxg3 14. hxg3 Nf6 
15. Ne5 dxc4 16. Bxc4 Rc8 17. Rac1 Bd6 18. Ba6 Bxa6 19. Qxa6 Bb8 20. Qb5 Qe7 
21. Nc6 Qb7 22. Nxb8 Qxb8 23. d5 Rc5 24. Qb3 e5 25. d6 Qb7 26. Rc2 Qd7 
27. Nd5 Qxd6 28. Rxc5 bxc5 29. Qc4 e4 30. b3 Rd8 31. Nxf6+ Qxf6 32. Rxd8+ Qxd8 
33. Qxc5 Qd1+ 34. Kh2 g5 35. Qxa7 Qh5+ 36. Kg1 Qd1+ 37. Kh2 Qh5+ 38. Kg1 Qd1+ 
39. Kh2 1/2-1/2

[Event "Thursday 18 January Rapid Engine Tour 12+1 Rounds 9 Starts 1600 ST"]
[Site "Infinity Chess"]
[Date "2018.1.18"]
[Round "8"]
[White "CrapCleaner"]
[Black "NINJA_JENGKA"]
[Result "1/2-1/2"]
[ECO "C55"]
[WhiteElo "2437"]
[BlackElo "2427"]
[WhiteEngine "CFish_x64_130118_N_pop_720gcc_CTG"]
[BlackEngine "Houdini 6"]
[EventType "Swiss"]
[WhiteTeam ""]
[BlackTeam ""]
[PlyCount "56"]
[TimeControl "720+1"]

1. e4 e5 2. Nf3 Nc6 3. Bc4 Nf6 4. d3 Bc5 5. c3 d6 6. O-O h6 7. b4 Bb6 8. a4 a5 
9. b5 Ne7 10. Nbd2 Ng6 11. Re1 O-O 12. h3 Re8 13. d4 exd4 14. cxd4 d5 
15. exd5 Rxe1+ 16. Qxe1 Nxd5 17. Nb3 Be6 18. Bd2 Qf6 19. Qe4 c6 20. bxc6 bxc6 
21. Re1 Bf5 22. Qe2 Be6 23. Ne5 Nxe5 24. Qxe5 Qd8 25. Qe4 Qd6 26. Qe5 Qd8 
27. Qe4 Qd6 28. Qe5 Qd8 1/2-1/2

[Event "Thursday 18 January Rapid Engine Tour 12+1 Rounds 9 Starts 1600 ST"]
[Site "Infinity Chess"]
[Date "2018.1.18"]
[Round "8"]
[White "RonWeasley"]
[Black "IronMan"]
[Result "1-0"]
[ECO "B07"]
[WhiteElo "2452"]
[BlackElo "2407"]
[WhiteEngine "BrainFish 130117_CTG"]
[BlackEngine "Eman 1.58 64-bit BMI2"]
[EventType "Swiss"]
[WhiteTeam ""]
[BlackTeam ""]
[PlyCount "122"]
[TimeControl "720+1"]

1. e4 d6 2. d4 Nf6 3. Nc3 e6 4. Nf3 Be7 5. Bd3 Nbd7 6. O-O e5 7. h3 O-O 
8. a4 exd4 9. Nxd4 Re8 10. Re1 Nc5 11. Bc4 Be6 12. Bxe6 Nxe6 13. Nf5 Bf8 
14. Qf3 Nd7 15. Be3 g6 16. Nh6+ Bxh6 17. Bxh6 Qh4 18. Be3 Ne5 19. Qe2 Rf8 
20. Rf1 g5 21. Nd5 Kh8 22. f3 f5 23. Bf2 Qh6 24. exf5 Rxf5 25. Be1 Nf4 
26. Nxf4 gxf4 27. Rf2 Rg8 28. Kh1 Qg6 29. Bc3 Rh5 30. Qf1 Rg7 31. Re1 Qg3 
32. Rfe2 Re7 33. Rd1 Kg8 34. Be1 Qg6 35. Rd4 Rf5 36. Bd2 Qg3 37. Ree4 Ref7 
38. c4 b6 39. b4 Qg5 40. Bc3 Ng6 41. Re8+ Rf8 42. Qe1 Re5 43. Rxe5 dxe5 
44. Rd7 Nh4 45. Qd2 Rf7 46. Rxf7 Kxf7 47. Qd7+ Kf8 48. Qc8+ Kf7 49. Qxc7+ Ke6 
50. Qc8+ Ke7 51. Qg4 Qxg4 52. hxg4 Ng6 53. b5 Ke6 54. Kg1 Ne7 55. Kf2 Ng8 
56. Bb4 Nf6 57. Ke2 h5 58. gxh5 Nxh5 59. a5 Ng3+ 60. Kd3 Nf5 61. a6 Nd4 1-0

[Event "Thursday 18 January Rapid Engine Tour 12+1 Rounds 9 Starts 1600 ST"]
[Site "Infinity Chess"]
[Date "2018.1.18"]
[Round "8"]
[White "Dovahkiin"]
[Black "Wolle"]
[Result "1/2-1/2"]
[ECO ""]
[WhiteElo "2439"]
[BlackElo "2458"]
[WhiteEngine "BrainFish_180113_x64_modern_CTG"]
[BlackEngine "Raubfisch X37a2_CTG"]
[EventType "Swiss"]
[WhiteTeam ""]
[BlackTeam ""]
[PlyCount "157"]
[TimeControl "720+1"]

1. e3 Nf6 2. d3 d5 3. d4 c5 4. Nf3 Nc6 5. c3 Bg4 6. h3 Bxf3 7. Qxf3 e6 
8. Nd2 Be7 9. g3 O-O 10. Bg2 e5 11. dxe5 Nxe5 12. Qf5 Qc7 13. f4 Nc6 14. Bxd5 g6 
15. Qd3 Rad8 16. e4 Rfe8 17. O-O Qd7 18. Qf3 Nxd5 19. exd5 Qxd5 20. Qxd5 Rxd5 
21. Re1 Na5 22. Nf3 Rdd8 23. Kf2 b6 24. Re2 Nc4 25. b3 Nd6 26. Bb2 f5 
27. c4 Ne4+ 28. Kg2 Rd3 29. g4 Red8 30. Be5 a6 31. Rae1 b5 32. Bc7 Ra8 
33. Re3 Rd7 34. Be5 Rad8 35. R3e2 Kf7 36. Ra1 Nd2 37. Rg1 Ne4 38. Rge1 b4 
39. g5 Ke6 40. h4 Rd1 41. Rxd1 Rxd1 42. Re1 Rxe1 43. Nxe1 a5 44. Nd3 Bd6 
45. Bxd6 Kxd6 46. h5 Nc3 47. hxg6 hxg6 48. Kf3 Nxa2 49. Ke3 Nc3 50. Kd2 a4 
51. bxa4 Nxa4 52. Ne5 Nc3 53. Nxg6 Ne4+ 54. Kc2 Ke6 55. Kb2 Kf7 56. Ne5+ Kg7 
57. Kb3 Nd2+ 58. Kb2 Ne4 59. Kc2 Nd6 60. Nd3 Nxc4 61. Nxc5 Ne3+ 62. Kb3 Nd5 
63. Nd3 Ne3 64. Kxb4 Kg6 65. Kc5 Ng2 66. Kd4 Kh5 67. Ke5 Kg6 68. Nc1 Ne1 
69. Kd4 Nc2+ 70. Kd3 Ne1+ 71. Kd4 Nc2+ 72. Kc3 Ne1 73. Nd3 Nf3 74. Kb2 Nd4 
75. Ne5+ Kg7 76. Nd3 Ne6 77. Kb3 Nxg5 78. fxg5 Kg6 79. Nc1 1/2-1/2

[Event "Thursday 18 January Rapid Engine Tour 12+1 Rounds 9 Starts 1600 ST"]
[Site "Infinity Chess"]
[Date "2018.1.18"]
[Round "8"]
[White "Neoxium"]
[Black "KhalidOmar"]
[Result "1/2-1/2"]
[ECO "C55"]
[WhiteElo "2483"]
[BlackElo "2454"]
[WhiteEngine "SF SL FA-IDeA"]
[BlackEngine "Eman SL 1.63 64-bit BMI2"]
[EventType "Swiss"]
[WhiteTeam ""]
[BlackTeam ""]
[PlyCount "56"]
[TimeControl "720+1"]

1. e4 e5 2. Nf3 Nc6 3. Bc4 Nf6 4. d3 Bc5 5. O-O a5 6. c3 d6 7. a4 h6 8. Re1 O-O 
9. h3 Be6 10. Bxe6 fxe6 11. Be3 Bxe3 12. Rxe3 Rf7 13. Qb3 Qd7 14. Nbd2 Raf8 
15. d4 exd4 16. cxd4 Nb4 17. Rc1 Nh5 18. g3 Nf6 19. Rec3 Qc8 20. Re1 Qd7 
21. Rec1 Qc8 22. Re1 Nc6 23. Rcc1 Kh7 24. Re3 Kg8 25. Re2 Nh7 26. Re3 Nf6 
27. Re2 Nh7 28. Re3 Nf6 1/2-1/2

[Event "Thursday 18 January Rapid Engine Tour 12+1 Rounds 9 Starts 1600 ST"]
[Site "Infinity Chess"]
[Date "2018.1.18"]
[Round "8"]
[White "Marsell"]
[Black "hafaba"]
[Result "1/2-1/2"]
[ECO "B00"]
[WhiteElo "2497"]
[BlackElo "2492"]
[WhiteEngine "asmFishW_2018-01-11_popcnt"]
[BlackEngine "Stockfish SL 07012018 POPCNT_CTG"]
[EventType "Swiss"]
[WhiteTeam ""]
[BlackTeam ""]
[PlyCount "100"]
[TimeControl "720+1"]

1. e4 Nc6 2. d4 d5 3. e5 Bf5 4. c3 e6 5. Nd2 Qd7 6. Be2 f6 7. f4 g5 
8. Ndf3 O-O-O 9. Bb5 gxf4 10. Bxf4 Qg7 11. Bg3 Nce7 12. Ne2 Ng6 13. O-O h5 
14. Bd3 Bxd3 15. Qxd3 h4 16. Nf4 hxg3 17. Qxg6 Qxg6 18. Nxg6 Rh6 19. Nxf8 Rxf8 
20. hxg3 Rg6 21. exf6 Nxf6 22. Ne5 Rxg3 23. Rf4 Kd8 24. Raf1 Ke7 25. a4 Rg7 
26. g4 a5 27. b4 axb4 28. cxb4 Nd7 29. Rxf8 Nxf8 30. Kf2 Ng6 31. Nd3 Rf7+ 
32. Ke2 Rh7 33. a5 Rh4 34. Rc1 Kd6 35. b5 Ne7 36. Nf2 Rh8 37. Ra1 Rg8 
38. a6 bxa6 39. bxa6 Nc6 40. Ke3 Nb4 41. Ra4 Nc6 42. Kf4 Ra8 43. g5 Nxd4 
44. Ne4+ Ke7 45. Rxd4 e5+ 46. Kxe5 dxe4 47. g6 Rxa6 48. g7 Rg6 49. g8=Q Rxg8 
50. Rxe4 Kd7 1/2-1/2

[Event "Thursday 18 January Rapid Engine Tour 12+1 Rounds 9 Starts 1600 ST"]
[Site "Infinity Chess"]
[Date "2018.1.18"]
[Round "8"]
[White "Vimtiroba"]
[Black "Katzenmaier"]
[Result "1/2-1/2"]
[ECO "C53"]
[WhiteElo "2508"]
[BlackElo "2485"]
[WhiteEngine "SF@Infinity_CTG"]
[BlackEngine "S_XPrO.251117.x64.POPCNT_CTG"]
[EventType "Swiss"]
[WhiteTeam ""]
[BlackTeam ""]
[PlyCount "108"]
[TimeControl "720+1"]

1. e4 e5 2. Nf3 Nc6 3. Bc4 Bc5 4. c3 Nf6 5. d3 a5 6. O-O d6 7. Re1 O-O 
8. Nbd2 Ba7 9. h3 Be6 10. Bb5 Ne7 11. d4 Ng6 12. a4 c6 13. Bf1 h6 14. Bd3 exd4 
15. cxd4 Nh5 16. Nf1 Nhf4 17. Ng3 Nxd3 18. Qxd3 d5 19. e5 Nh4 20. Re3 c5 
21. b3 cxd4 22. Nxd4 Qg5 23. Bb2 Rfc8 24. Bc3 Qg6 25. Qd2 Bc5 26. Kh2 b6 
27. Rg1 Rab8 28. Nge2 Nf5 29. Rd3 Bxd4 30. Nxd4 Nxd4 31. Bxd4 Qe4 32. g4 g5 
33. Re1 Qg6 34. Rc3 Rxc3 35. Bxc3 Kg7 36. Qe2 Qh7 37. Qd2 Qg6 38. f3 b5 
39. Bxa5 bxa4 40. bxa4 Rb3 41. Rf1 Ra3 42. Bb4 Rxa4 43. Kg3 f5 44. exf6+ Qxf6 
45. Qc3 d4 46. Qc7+ Qf7 47. Qe5+ Kh7 48. Qe4+ Kg8 49. Bd6 Bd5 50. Qb1 Ra2 
51. Qb8+ Kh7 52. Qb1+ Kg8 53. Qb8+ Kh7 54. Qb1+ Kg8 1/2-1/2

[Event "Thursday 18 January Rapid Engine Tour 12+1 Rounds 9 Starts 1600 ST"]
[Site "Infinity Chess"]
[Date "2018.1.18"]
[Round "7"]
[White "ivrdurant"]
[Black "OlivierEvan"]
[Result "1/2-1/2"]
[ECO "B33"]
[WhiteElo "2400"]
[BlackElo "2380"]
[WhiteEngine "Raubfisch X37b3._CTG"]
[BlackEngine "Houdini 6"]
[EventType "Swiss"]
[WhiteTeam ""]
[BlackTeam ""]
[PlyCount "162"]
[TimeControl "720+1"]

1. e4 c5 2. Nf3 Nc6 3. d4 cxd4 4. Nxd4 Nf6 5. Nc3 e5 6. Ndb5 d6 7. Bg5 a6 
8. Na3 b5 9. Nd5 Be7 10. Bxf6 Bxf6 11. c3 Ne7 12. Nxf6+ gxf6 13. Qf3 f5 
14. exf5 Bxf5 15. Bd3 Be6 16. Nc2 O-O 17. a4 bxa4 18. Rxa4 f5 19. O-O Kh8 
20. Qh5 Ng6 21. g3 Qe7 22. Ne3 e4 23. Bc2 Ne5 24. Qh6 Rab8 25. Kh1 f4 
26. gxf4 Ng4 27. Nxg4 Bxg4 28. Bd1 Bxd1 29. Rxd1 e3 30. Qxd6 Qxd6 31. Rxd6 e2 
32. Re4 Rfe8 33. Rde6 Rxe6 34. Rxe6 Rxb2 35. Kg2 a5 36. c4 a4 37. c5 a3 
38. c6 Rc2 39. c7 Rxc7 40. Rxe2 Ra7 41. Ra2 Kg7 42. Kf1 Kg6 43. Ke2 h5 
44. Kd2 Kf5 45. Kc2 Kxf4 46. Kc3 Ra8 47. Kb4 h4 48. Kc3 Ra4 49. Kb3 Ra7 
50. Kb4 h3 51. Kb3 Ke4 52. Kc3 Ra6 53. Kc4 Ra4+ 54. Kc3 Ra8 55. Re2+ Kf5 
56. Ra2 Ke5 57. Re2+ Kf4 58. Ra2 Ra4 59. Kd2 Kf3 60. Kd3 Kg4 61. Kc3 Ra5 
62. Kd3 Kf3 63. Kd4 Kf4 64. Kc3 Ra4 65. Kb3 Ra6 66. Kc4 Ra4+ 67. Kc3 Ra7 
68. Kd3 Ke5 69. Kc3 Kd5 70. Rd2+ Ke6 71. Kb3 Kf5 72. Ka2 Ke4 73. Rd8 Rf7 
74. Re8+ Kf3 75. Rg8 Rf4 76. Rg3+ Ke4 77. Re3+ Kd4 78. Rxh3 Rxf2+ 79. Kxa3 Re2 
80. Rh4+ Kd5 81. Rh5+ Ke4 1/2-1/2

[Event "Thursday 18 January Rapid Engine Tour 12+1 Rounds 9 Starts 1600 ST"]
[Site "Infinity Chess"]
[Date "2018.1.18"]
[Round "7"]
[White "hafaba"]
[Black "Vimtiroba"]
[Result "1/2-1/2"]
[ECO "D31"]
[WhiteElo "2491"]
[BlackElo "2509"]
[WhiteEngine "Stockfish SL 07012018 POPCNT_CTG"]
[BlackEngine "SF@Infinity_CTG"]
[EventType "Swiss"]
[WhiteTeam ""]
[BlackTeam ""]
[PlyCount "150"]
[TimeControl "720+1"]

1. d4 d5 2. c4 e6 3. Nc3 c6 4. e4 dxe4 5. Nxe4 Bb4+ 6. Nc3 c5 7. a3 Ba5 
8. Be3 Ne7 9. Nge2 cxd4 10. Qxd4 Nf5 11. Qe4 Nxe3 12. Qxe3 Qb6 13. Qd2 Qd8 
14. Qe3 Qb6 15. Qd2 Qd8 16. b4 Qxd2+ 17. Kxd2 Bc7 18. g3 Nc6 19. Bg2 Bd7 
20. Nb5 Be5 21. Rad1 O-O-O 22. Kc2 Bb8 23. Nec3 Ne5 24. c5 a6 25. Nd6+ Bxd6 
26. cxd6 Kb8 27. Rhe1 f6 28. Kb3 Nf7 29. Na4 Bc8 30. d7 Bxd7 31. Nb6 Be8 
32. Rxd8+ Nxd8 33. Rd1 Nc6 34. Nd7+ Kc7 35. Nc5 e5 36. Ne6+ Kb6 37. Bxc6 Kxc6 
38. Rd8 Rg8 39. Kc3 Bf7 40. Rxg8 Bxg8 41. Nxg7 Bf7 42. Nf5 Bd5 43. Ne3 Kd6 
44. Nf5+ Ke6 45. Ng7+ Kf7 46. Nf5 Ke6 47. Ne3 Bc6 48. Kd3 Bb5+ 49. Kc3 h5 
50. h4 Be2 51. a4 Bf3 52. Nc4 f5 53. Nd2 Bd5 54. a5 Kd6 55. f4 e4 56. Nf1 Be6 
57. Kd4 Kc6 58. Ke5 Bd7 59. Ne3 Kb5 60. Kd6 Bc8 61. g4 fxg4 62. f5 Bxf5 
63. Nxf5 Kxb4 64. Ng3 Kxa5 65. Nxh5 b5 66. Nf4 b4 67. h5 b3 68. h6 b2 
69. h7 b1=Q 70. h8=Q Qb4+ 71. Ke6 Qb6+ 72. Kf5 Qc5+ 73. Kxg4 Qg1+ 74. Kf5 Qc5+ 
75. Kxe4 Qc4+ 1/2-1/2

[Event "Thursday 18 January Rapid Engine Tour 12+1 Rounds 9 Starts 1600 ST"]
[Site "Infinity Chess"]
[Date "2018.1.18"]
[Round "7"]
[White "BraveDevil"]
[Black "KULLANI"]
[Result "1/2-1/2"]
[ECO "D15"]
[WhiteElo "2369"]
[BlackElo "2434"]
[WhiteEngine "Cryptic AIL V1"]
[BlackEngine "BrainFish_180113_x64_CTG"]
[EventType "Swiss"]
[WhiteTeam ""]
[BlackTeam ""]
[PlyCount "46"]
[TimeControl "720+1"]

1. d4 d5 2. c4 c6 3. Nf3 Nf6 4. Nc3 e6 5. e3 Nbd7 6. h3 Bd6 7. Be2 b6 8. O-O O-O 
9. b3 Bb7 10. Bb2 Qe7 11. a4 Bb4 12. Na2 Bd6 13. a5 bxa5 14. Nc3 Rfc8 15. Qc2 c5 
16. Rxa5 cxd4 17. exd4 dxc4 18. bxc4 Bb4 19. Raa1 a5 20. Na2 Bd6 21. Nc3 Bb4 
22. Na2 Bd6 23. Nc3 Bb4 1/2-1/2